 Dungeon Crawl Stone Soup version 0.21-a0-504-g2eda330 (webtiles) character file.

49 Spazmo the Conjurer (level 3, -4/19 HPs)
             Began as a Deep Elf Conjurer on Nov 25, 2017.
             Slain by a scorpion (7 damage)
             ... on level 2 of the Dungeon.
             The game lasted 00:02:20 (1230 turns).

Spazmo the Conjurer (Deep Elf Conjurer)             Turns: 1230, Time: 00:02:21

Health: -4/19      AC:  2    Str:  5    XL:     3   Next: 51%
Magic:  0/10       EV: 13    Int: 20    God:
Gold:   68         SH:  0    Dex: 15    Spells: 7/10 levels left

rFire    . . .     SeeInvis .   g - +0 dagger
rCold    . . .     Gourm    .   (no shield)
rNeg     . . .     Faith    .   a - +0 robe
rPois    .         Spirit   .   (no helmet)
rElec    .         Reflect  .   (no cloak)
rCorr    .         Harm     .   (no gloves)
MR       .....                  (no boots)
Stlth    ++........             (no amulet)
HPRegen  0.06/turn              (no ring)
MPRegen  0.12/turn              (no ring)

@: lethally poisoned (-4 -> -12), hasted, very quick
A: no striking features
a: no special abilities


You were on level 2 of the Dungeon.
You were not hungry.

You visited 1 branch of the dungeon, and saw 2 of its levels.

You collected 68 gold pieces.

Inventory:

Hand Weapons
 g - a +0 dagger (weapon)
Missiles
 i - 35 stones (quivered)
Armour
 a - a +0 robe (worn)
Jewellery
 j - an uncursed amulet of regeneration {unknown}
Potions
 e - a potion of magic {unknown}
 h - a potion of cancellation {unknown}
Books
 b - a book of Conjurations

   Spells                             Type                      Level
   a - Magic Dart                     Conjuration                  1
   b - Searing Ray                    Conjuration                  2
   c - Dazzling Spray                 Conjuration/Hexes            3
   d - Fulminant Prism                Conjuration/Hexes            4
   e - Force Lance                    Conjuration/Translocation    4
   f - Iskenderun's Mystic Blast      Conjuration                  4
Comestibles
 c - 2 bread rations
 f - a chunk of flesh


   Skills:
 - Level 3.0 Dodging
 - Level 3.0 Stealth
 + Level 4.0 Spellcasting
 + Level 4.9 Conjurations


You had 7 spell levels left.
You knew the following spells:

 Your Spells              Type           Power        Failure   Level  Hunger
a - Magic Dart            Conj           ###.         1%          1    None
b - Searing Ray           Conj           ###...       2%          2    #......


Dungeon Overview and Level Annotations

Branches:
Dungeon (2/15)

Altars:


Message History

The bat misses you. The scorpion stings you.
You are poisoned.
The scorpion poisons you!
Without enough magic to sustain it, your searing ray dissipates.
You feel sick. The bat closely misses you. The scorpion closely misses you.
Casting: Searing Ray
Confirm with . or Enter, or press ? or * to list all spells.
Aiming: Magic Dart
Press: ? - help, Shift-Dir - straight line, f/p - scorpion
Aim: a scorpion (almost dead)
The magic dart hits the scorpion.
The scorpion is almost dead.
You feel sick. The bat hits you. The scorpion stings you!
* * * LOW HITPOINT WARNING * * *
The bat hits you.
* * * LOW HITPOINT WARNING * * *
It was a potion of haste.
You feel yourself speed up.
* * * LOW HITPOINT WARNING * * *
You feel sick. The bat misses you. The scorpion stings you!
You die...

#?...... #...#
......# ....##
.....##### ..)..##
#.......# ......#
#.......# ......#
#..<....# ......#
#.......##)......
#.......#s.b.>..#
#.......@.......#
#.......#........
#†......#......##
......##.####[....##
...... #.# #).####
...... #.# ....
...... ... .....
..... #.. .... ....
#...


You could see a scorpion and a bat.

Vanquished Creatures
  An ooze (D:1)
  2 dart slugs (D:2)
  A leopard gecko (D:1)
  A ball python (D:1)
  2 bats (D:1)
  4 giant cockroaches
  7 goblins
  5 hobgoblins
  2 jackals (D:1)
  2 frilled lizards (D:1)
  5 kobolds
  2 rats (D:1)
34 creatures vanquished.

Notes
Turn   | Place    | Note
-------+----------+-------------------------------------------
     0 | D:1      | Spazmo the Deep Elf Conjurer began the quest for the Orb.
     0 | D:1      | Reached XP level 1. HP: 10/10 MP: 6/6
   155 | D:1      | Reached XP level 2. HP: 15/15 MP: 5/8
   159 | D:1      | Learned a level 2 spell: Searing Ray
   542 | D:1      | Reached XP level 3. HP: 19/19 MP: 2/10
  1220 | D:2      | Noticed a scorpion
  1230 | D:2      | Slain by a scorpion

Vault maps used:
D:1:      dpeg_arrival_round_a, minmay_cut_off
D:2:      marbit_many_paths

Skill      XL: |  1  2  3 |
---------------+----------+-----
Stealth        | 3 |  3.0
Dodging        | 3 |  3.0
Spellcasting   | 4 |  4.0
Conjurations   | |  4.9

Action                   || total
-------------------------++-------
Melee: Dagger            ||     1
 Cast: Magic Dart        ||    73
       Searing Ray       ||     1
  Use: Scroll            ||     1
       Potion            ||     1
  Eat: Chunk             ||     1
Armor: Robe              ||     2
Dodge: Dodged            ||     7

Table legend:
 A = Spawn XP
 B = Non-spawn XP
 C = Spawn XP percentage of total XP
 D = Spawn monster count
 E = Non-spawn monster count
 F = Spawn count percentage of total count
 G = Total turns spent on level
                    A         B        C        D         E        F      G
               +---------+---------+-------+---------+---------+-------+---------
         Total |       0 |      70 |   0.0 |       0 |      34 |   0.0 |  1230
               +---------+---------+-------+---------+---------+-------+---------
           D:1 |       0 |      52 |   0.0 |       0 |      27 |   0.0 |  1038
           D:2 |       0 |      18 |   0.0 |       0 |       7 |   0.0 |   192
               +---------+---------+-------+---------+---------+-------+---------
